 Dungeon Crawl Stone Soup version 0.26-a0-58-g79b31b8662 (webtiles) character file.

Game seed: 814995956365648317

258 BritishOli the Skirmisher (level 5, -17/43 HPs)
             Began as a Demonspawn Monk on June 8, 2020.
             Killed from afar by Ijyb (22 damage)
             ... with a bolt of acid
             ... on level 3 of the Dungeon.
             The game lasted 00:04:24 (2934 turns).

BritishOli the Skirmisher (Demonspawn Monk)         Turns: 2934, Time: 00:04:25

Health: -17/43     AC:  4    Str: 12    XL:     5   Next: 94%
Magic:  5/5        EV: 11    Int: 11    God:
Gold:   103        SH:  5    Dex: 16    Spells: 4/4 levels left

rFire    . . .     SeeInvis .   a - +0 falchion
rCold    . . .     Gourm    .   (no shield)
rNeg     . . .     Faith    .   d - +0 scale mail
rPois    .         Spirit   .   (no helmet)
rElec    .         Reflect  +   (no cloak)
rCorr    .         Harm     .   (no gloves)
MR       .....                  (no boots)
Stlth    +.........             e - amulet of reflection
HPRegen  0.14/turn              (no ring)
MPRegen  0.09/turn              (no ring)

@: corroded
A: talons 2, molten scales 1
a: no special abilities


You were on level 3 of the Dungeon.
You were not hungry.

You visited 1 branch of the dungeon, and saw 3 of its levels.

You collected 103 gold pieces.

Inventory:

Hand Weapons
 a - a +0 falchion (weapon)
Armour
 d - a +0 scale mail (worn)
Jewellery
 e - an amulet of reflection (around neck)
Wands
 l - a wand of polymorph (4)
Scrolls
 f - a scroll of enchant weapon {unknown}
 g - 2 scrolls of immolation {unknown}
 h - a scroll of teleportation {unknown}
 i - a scroll of fog {unknown}
 j - 3 scrolls of remove curse {unknown}
 k - 4 scrolls of identify {unknown}
 m - 2 scrolls of amnesia {unknown}
 o - a scroll of magic mapping {unknown}
Potions
 n - a potion of degeneration {unknown}
 p - a potion of experience {unknown}
 q - a potion of curing {unknown}
Comestibles
 b - 3 chunks of flesh
 c - 3 rations


   Skills:
 + Level 4.4 Fighting
 + Level 4.1 Long Blades
 + Level 1.1 Armour
 + Level 4.0 Dodging
 - Level 1.7 Stealth


You had 4 spell levels left.
You didn't know any spells.
Your spell library was empty.

Dungeon Overview and Level Annotations

Branches:
Dungeon (3/15)

Altars:

Annotations:
D:3 Ijyb


Innate Abilities, Weirdness & Mutations

You have razor-sharp toenails.
You are partially covered in molten scales. (AC +2)


Message History

You hit something but do no damage. Something hits you but does no damage.
You completely miss something. You claw something.
Something hits you but does no damage.
You closely miss something. Your kick misses something.
Something hits you but does no damage.
You hit something. You claw something.
You hear a zap.
A bolt of acid appears from out of thin air!
The bolt of acid hits you!
You are splashed with acid!
* * * LOW HITPOINT WARNING * * *
You closely miss something. Your kick misses something.
Something hits you but does no damage.
Aiming: Polymorph
Press: ? - help, Shift-Dir - straight line Nothing appears to happen.
You hear a zap.
A bolt of acid appears from out of thin air!
The bolt of acid hits you!!
Ouch! That really hurt!
You die...

#.# #.# #.#
#รท# #.# #.#
# #.# ...
#.#
#######..#.#
#.#
#...@{.....#
#.#
#.##########
#.# #.# #.#
#.# #.# #.#
#.# #.#
#.#####.#
#.......#
#########


There were no monsters in sight!

Vanquished Creatures
  Terence (D:2)
  Jessica (D:2)
  Natasha (thrice) (D:2)
  3 gnolls
  4 adders (D:2)
  2 worms (D:2)
  4 dart slugs
  3 leopard geckos (D:1)
  An orc (D:3)
  4 bats
  4 giant cockroaches (D:2)
  2 goblins (D:1)
  6 hobgoblins
  3 kobolds
  2 frilled lizards
  A quokka skeleton (D:2)
  16 rats
60 creatures vanquished.

Notes
Turn   | Place    | Note
-------+----------+-------------------------------------------
     0 | D:1      | BritishOli the Demonspawn Monk began the quest for the Orb.
     0 | D:1      | Reached XP level 1. HP: 18/18 MP: 1/1
   132 | D:1      | Gained mutation: You have sharp toenails. [demonic
                  | ancestry]
   132 | D:1      | Reached XP level 2. HP: 14/24 MP: 2/2
   939 | D:2      | Reached XP level 3. HP: 29/29 MP: 3/3
  1635 | D:2      | Gained mutation: You have razor-sharp toenails. [demonic
                  | ancestry]
  1635 | D:2      | Reached XP level 4. HP: 37/37 MP: 4/4
  1709 | D:2      | Noticed Jessica
  1727 | D:2      | Killed Jessica
  2058 | D:2      | Noticed Terence
  2075 | D:2      | Killed Terence
  2075 | D:2      | Gained mutation: You are partially covered in molten
                  | scales. (AC +2) [demonic ancestry]
  2075 | D:2      | Reached XP level 5. HP: 19/42 MP: 5/5
  2282 | D:2      | Noticed Natasha
  2298 | D:2      | Killed Natasha
  2331 | D:2      | Noticed Natasha
  2339 | D:2      | Killed Natasha
  2647 | D:2      | Noticed Natasha
  2657 | D:2      | Killed Natasha
  2657 | D:2      | Reached skill level 1 in Armour
  2921 | D:3      | Noticed Ijyb
  2934 | D:3      | Killed from afar by Ijyb

Illustrated notes

Levels and vault maps discovered:
D:1:      dpeg_arrival_ratfight, layout_rooms
D:2:      layout_loops_ring, serial_bayou_lake_a, uniq_jessica, uniq_natasha,
          uniq_terence
D:3:      layout_basic, st_stairs_12, uniq_ijyb

Skill      XL: |  1  2  3  4  5 |
---------------+----------------+-----
Long Blades    | 3 4 |  4.1
Dodging        | 3 4 |  4.0
Fighting       | 4 |  4.4
Armour         | 1 |  1.1
Stealth        | |  1.7

Action                   |  1- 3 |  4- 6 || total
-------------------------+-------+-------++-------
Melee: Falchion          |    93 |    99 ||   192
       Kick              |    16 |    32 ||    48
       Unarmed           |       |     3 ||     3
Evoke: Wand              |       |     1 ||     1
 Stab: Sleeping          |     1 |       ||     1
  Eat: Chunk             |     2 |     5 ||     7
Armor: Robe              |     4 |       ||     4
       Scale mail        |    24 |    35 ||    59
Dodge: Dodged            |    57 |    39 ||    96
Block: Other             |    12 |    20 ||    32
       Reflection        |       |     1 ||     1
       Rpst.: Falchion   |    12 |    19 ||    31

Table legend:
 A = Non-vault XP
 B = Vault XP
 C = Vault XP percentage of total XP
 D = Non-vault monster count
 E = Vault monster count
 F = Vault count percentage of total count
                 A         B        C        D         E       F
            +---------+---------+-------+---------+---------+-------
      Total |     254 |     115 |  31.2 |      52 |       8 |  13.3
            +---------+---------+-------+---------+---------+-------
        D:1 |      62 |       5 |   7.5 |      21 |       5 |  19.2
        D:2 |     181 |     110 |  37.8 |      26 |       3 |  10.3
        D:3 |      11 |       0 |   0.0 |       5 |       0 |   0.0
            +---------+---------+-------+---------+---------+-------
